AoeStats
← Tomato

African Clearing

505751436Analyzed
4v4 RM · 21d ago on Sep 10, 2026· 25m 8s· 8 players
Game mode
Random Map
Map size
Large (8 player)
Population
200
Speed
Normal
Resources
Standard
Victory
Conquest
Starting age
Dark Age
Ending age
Imperial Age
RankedLock teamsTeams togetherTeam positionsShared explorationLock speedFull tech treeHidden civsTurbo modeCheats
Victory
Defeat
🇲🇽 Magyars · Mexico
1406
+9
🇲🇽 Sicilians · Mexico
1379
+10
🇨🇳 Huns · China
1348
+11
🇳🇱 Wei · Netherlands
1300
+12
🇫🇷 Vietnamese · France
1354
-14
🇫🇷 Italians · France
1289
-13
🇫🇷 Shu · France
1150
-8
🇫🇷 Cumans · France
1122
-7
GEN0S
12:10 Feudal Age
13:02 Double-Bit Axe
19:00 Bloodlines
20:30 Scale Barding Armor
刀他(她)
6:54 Loom
12:17 Feudal Age
13:39 Double-Bit Axe
20:30 Castle Age
19:09 Fletching
20:20 Padded Archer Armor
23:35 Husbandry
Tomato
14:10 Feudal Age
12:27 Loom
14:13 Feudal Age
15:55 Horse Collar
16:02 Double-Bit Axe
16:43 Forging
17:33 Wheelbarrow
17:30 Gold Mining
18:14 Scale Barding Armor
19:28 Bloodlines
20:45 Town Watch
24:09 Castle Age
22:45 Fletching
23:04 Stone Mining
25:04 Bodkin Arrow
25:16 Thumb Ring
25:44 Bow Saw
Koatlistak
9:19 Loom
11:43 Feudal Age
12:43 Double-Bit Axe
19:07 Town Watch
20:00 Fletching
Superbrasseur
4:30 Loom
12:29 Feudal Age
13:18 Double-Bit Axe
14:42 Wheelbarrow
15:08 Fletching
vikingfou
16:04 Feudal Age
renardoracle12
12:45 Feudal Age
12:10 Loom
13:55 Double-Bit Axe
19:19 Gold Mining
19:48 Fletching
22:51 Castle Age
21:48 Padded Archer Armor
24:30 Wheelbarrow
24:37 Crossbowman
Toji
13:16 Feudal Age
17:15 Castle Age
15:07 Double-Bit Axe
15:06 Horse Collar
18:27 Loom
24:33 Wheelbarrow
24:20 Crossbowman
25:05 Thumb Ring
Connection lost

Rejoining the realm…

Still unreachable

The connection could not be restored.

Session expired

The server has moved on; the page needs a fresh start.